PA
SOUTH BEACH BLAZE @ GALESBURG GUZZLERS
08/06/2023
 
TOP OF THE 1ST
South Beach Blaze batting - Pitching for Galesburg Guzzlers : LHP Jesús Medina
Pitching: LHP Jesús Medina
Batting: RHB Sergio Anruvio 0-0: Foul Ball, location: 2F
0-1: Ball
1-1: Ground out 5-3 (Groundball, 56)
Batting: RHB Dimian Menres 0-0: Called Strike
0-1: Called Strike
0-2: Ball
1-2: Foul Ball, location: 2F
1-2: Ball
2-2: Strikes out looking
Batting: LHB Miguel Pacheco 0-0: Called Strike
0-1: SINGLE (Groundball, 4MD)
Batting: RHB Gerjan de Best 0-0: SINGLE (Line Drive, 89S)
Miguel Pacheco to second
Runner from 2nd tries for 3rd, SAFE, no throw or cutoff
Batting: RHB Wade Killefer 0-0: Foul Ball, location: 2F
0-1: DOUBLE (Groundball, 5L)
Miguel Pacheco scores
Gerjan de Best to third
Runner from 3rd tries for Home, SAFE, no throw or cutoff
Batting: LHB Tomás Mejía 0-0: Called Strike
0-1: Foul Ball, location: 2F
0-2: Strikes out swinging
Top of the 1st over - 2 run(s), 3 hit(s), 0 error(s), 1 left on base; South Beach 2 - Galesburg 0
BOTTOM OF THE 1ST
Galesburg Guzzlers batting - Pitching for South Beach Blaze : LHP Bernie Sanders
Pitching: LHP Bernie Sanders
Batting: RHB Roland Deschain 0-0: Fly out, F8 (Flyball, 8RS)
Batting: RHB Fernando Rivera 0-0: Ball
1-0: Swinging Strike
1-1: Foul Ball, location: 2F
1-2: Strikes out swinging
Batting: LHB Guillermo Castro 0-0: Ball
1-0: DOUBLE (Line Drive, 89XD)
Batting: RHB Frank Crocker 0-0: Ball
1-0: Called Strike
1-1: Ball
2-1: Foul Ball, location: 2F
2-2: Foul Ball, location: 2F
2-2: Ball
3-2: Strikes out swinging
Bottom of the 1st over - 0 run(s), 1 hit(s), 0 error(s), 1 left on base; South Beach 2 - Galesburg 0
TOP OF THE 2ND
South Beach Blaze batting - Pitching for Galesburg Guzzlers : LHP Jesús Medina
Batting: SHB José Rico 0-0: Swinging Strike
0-1: Ball
1-1: Called Strike
1-2: Strikes out swinging
Batting: LHB Joe Sutton 0-0: Ball
1-0: SINGLE (Flyball, 7LM)
Batting: RHB Nick Ross 0-0: Ball
Joe Sutton steals 2nd base
1-0: Called Strike
1-1: Ball
2-1: Ball
3-1: Foul Ball, location: 2F
3-2: Strikes out swinging
Batting: RHB Sergio Anruvio 0-0: Called Strike
0-1: Fly out, F3 (Popup, 3)
Top of the 2nd over - 0 run(s), 1 hit(s), 0 error(s), 1 left on base; South Beach 2 - Galesburg 0
BOTTOM OF THE 2ND
Galesburg Guzzlers batting - Pitching for South Beach Blaze : LHP Bernie Sanders
Batting: LHB Chris Etheridge 0-0: Ground out 4-3 (Groundball, 4)
Batting: RHB Carlos Cardona 0-0: Ball
1-0: Ball
2-0: Ground out 4-3 (Groundball, 13)
Batting: RHB Gabrio Campoverde 0-0: Called Strike
0-1: Swinging Strike
0-2: Strikes out swinging
Bottom of the 2nd over - 0 run(s), 0 hit(s), 0 error(s), 0 left on base; South Beach 2 - Galesburg 0
TOP OF THE 3RD
South Beach Blaze batting - Pitching for Galesburg Guzzlers : LHP Jesús Medina
Batting: RHB Dimian Menres 0-0: Called Strike
0-1: Ball
1-1: Ball
2-1: Ground out 1-3 (Groundball, 15)
Batting: LHB Miguel Pacheco 0-0: Called Strike
0-1: Ball
1-1: Ground out U3 (Groundball, 3)
Batting: RHB Gerjan de Best 0-0: Called Strike
0-1: Foul Ball, location: 2F
0-2: Ball
1-2: Ground out 6-3 (Groundball, 6)
Top of the 3rd over - 0 run(s), 0 hit(s), 0 error(s), 0 left on base; South Beach 2 - Galesburg 0
BOTTOM OF THE 3RD
Galesburg Guzzlers batting - Pitching for South Beach Blaze : LHP Bernie Sanders
Batting: RHB Pierre Bernard 0-0: Ground out 4-3 (Groundball, 4)
Batting: RHB Toussiant L'Ouverture 0-0: Called Strike
0-1: Swinging Strike
0-2: Ball
1-2: Ball
2-2: Strikes out swinging
Batting: RHB Roland Deschain 0-0: Foul Ball, location: 2F
0-1: SINGLE (Line Drive, 56D)
Batting: RHB Fernando Rivera 0-0: Called Strike
0-1: Ground out 5-3 (Groundball, 5)
Bottom of the 3rd over - 0 run(s), 1 hit(s), 0 error(s), 1 left on base; South Beach 2 - Galesburg 0
TOP OF THE 4TH
South Beach Blaze batting - Pitching for Galesburg Guzzlers : LHP Jesús Medina
Batting: RHB Wade Killefer 0-0: Foul Ball, location: 2F
0-1: Called Strike
0-2: Foul Ball, location: 2F
0-2: Strikes out swinging
Batting: LHB Tomás Mejía 0-0: Ball
1-0: Foul Ball, location: 2F
1-1: Ball
2-1: Called Strike
2-2: Foul Ball, location: 2F
2-2: Fly out, F8 (Flyball, 8LXD)
Batting: SHB José Rico 0-0: Called Strike
0-1: Foul Ball, location: 2F
0-2: Strikes out looking
Top of the 4th over - 0 run(s), 0 hit(s), 0 error(s), 0 left on base; South Beach 2 - Galesburg 0
BOTTOM OF THE 4TH
Galesburg Guzzlers batting - Pitching for South Beach Blaze : LHP Bernie Sanders
Batting: LHB Guillermo Castro 0-0: Ball
1-0: Swinging Strike
1-1: Swinging Strike
1-2: Foul Ball, location: 2F
1-2: Strikes out looking
Batting: RHB Frank Crocker 0-0: Called Strike
0-1: Fly out, F8 (Flyball, 8RS)
Batting: LHB Chris Etheridge 0-0: Called Strike
0-1: Swinging Strike
0-2: Ball
1-2: Strikes out swinging
Bottom of the 4th over - 0 run(s), 0 hit(s), 0 error(s), 0 left on base; South Beach 2 - Galesburg 0
TOP OF THE 5TH
South Beach Blaze batting - Pitching for Galesburg Guzzlers : LHP Jesús Medina
Batting: LHB Joe Sutton 0-0: Ball
1-0: Foul Ball, location: 2F
1-1: SINGLE (Groundball, 34D)
Batting: RHB Nick Ross 0-0: Called Strike
0-1: Sac Bunt - play at second, runner safe!
Batting: RHB Sergio Anruvio 0-0: Sac Bunt - play at first, batter OUT! 1-3
Joe Sutton to third
Nick Ross to second
Batting: RHB Dimian Menres 0-0: Foul Ball, location: 2F
0-1: Swinging Strike
0-2: SINGLE (Groundball, 23) (infield hit)
Joe Sutton scores
Nick Ross to third
Batting: LHB Miguel Pacheco 0-0: Called Strike
0-1: Ball
1-1: Ball
2-1: Foul Ball, location: 2F
2-2: SINGLE (Groundball, 25) (infield hit)
Dimian Menres to second
Batting: RHB Gerjan de Best 0-0: Ball
1-0: Called Strike
1-1: Ball
2-1: Swinging Strike
2-2: Strikes out looking
Batting: RHB Wade Killefer 0-0: Ball
1-0: Ball
2-0: Called Strike
2-1: Called Strike
2-2: Ball
3-2: Fly out, F8 (Flyball, 8RM)
Top of the 5th over - 1 run(s), 3 hit(s), 0 error(s), 3 left on base; South Beach 3 - Galesburg 0
BOTTOM OF THE 5TH
Galesburg Guzzlers batting - Pitching for South Beach Blaze : LHP Bernie Sanders
Batting: RHB Carlos Cardona 0-0: Called Strike
0-1: Fly out, F9 (Flyball, 9LM)
Batting: RHB Gabrio Campoverde 0-0: Ball
1-0: Ball
2-0: Foul Ball, location: 2F
2-1: Ground out 2-3 (Groundball, 23)
Batting: RHB Pierre Bernard 0-0: Foul Ball, location: 2F
0-1: Ground out 6-3 (Groundball, 6M)
Bottom of the 5th over - 0 run(s), 0 hit(s), 0 error(s), 0 left on base; South Beach 3 - Galesburg 0
TOP OF THE 6TH
South Beach Blaze batting - Pitching for Galesburg Guzzlers : LHP Jesús Medina
Batting: LHB Tomás Mejía 0-0: Called Strike
0-1: SINGLE (Groundball, 34)
Batting: SHB José Rico 0-0: Bunted foul
0-1: Sac Bunt - play at first, batter OUT! 1-4
Tomás Mejía to second
Batting: LHB Joe Sutton 0-0: Swinging Strike
0-1: Called Strike
0-2: Strikes out swinging
Batting: RHB Nick Ross 0-0: Called Strike
0-1: Foul Ball, location: 2F
0-2: Ball
1-2: Foul Ball, location: 2F
1-2: Ball
2-2: Ground out 5-3 (Groundball, 15S)
Top of the 6th over - 0 run(s), 1 hit(s), 0 error(s), 1 left on base; South Beach 3 - Galesburg 0
BOTTOM OF THE 6TH
Galesburg Guzzlers batting - Pitching for South Beach Blaze : LHP Bernie Sanders
Batting: RHB Toussiant L'Ouverture 0-0: Foul Ball, location: 2F
0-1: Called Strike
0-2: Ball
1-2: Ball
2-2: Foul Ball, location: 2F
2-2: Ball
3-2: Strikes out swinging
Batting: RHB Roland Deschain 0-0: Ball
1-0: Foul Ball, location: 2F
1-1: Fly out, F8 (Line Drive, 8LS)
Batting: RHB Fernando Rivera 0-0: Called Strike
0-1: Ball
1-1: Foul Ball, location: 2F
1-2: Strikes out swinging
Bottom of the 6th over - 0 run(s), 0 hit(s), 0 error(s), 0 left on base; South Beach 3 - Galesburg 0
TOP OF THE 7TH
South Beach Blaze batting - Pitching for Galesburg Guzzlers : LHP Jesús Medina
Batting: RHB Sergio Anruvio 0-0: Called Strike
0-1: Ball
1-1: Ball
2-1: Ball
3-1: Base on Balls
Batting: RHB Dimian Menres 0-0: Sac Bunt - play at first, batter OUT! 3-4
Sergio Anruvio to second
Batting: LHB Miguel Pacheco 0-0: Ball
1-0: Fly out, F9 (Flyball, 9D)
Runner from 2nd tags up, SAFE at 3rd, no throw
Batting: RHB Gerjan de Best 0-0: Reached on error, E6 (Groundball, 6M)
Sergio Anruvio scores
Batting: RHB Wade Killefer 0-0: Ball
1-0: Called Strike
1-1: Ball
Gerjan de Best is caught stealing 2nd base
Top of the 7th over - 1 run(s), 0 hit(s), 1 error(s), 0 left on base; South Beach 4 - Galesburg 0
BOTTOM OF THE 7TH
Galesburg Guzzlers batting - Pitching for South Beach Blaze : LHP Bernie Sanders
Batting: LHB Guillermo Castro 0-0: Ball
1-0: Ball
2-0: Swinging Strike
2-1: Fly out, F7 (Flyball, 78M)
Batting: RHB Frank Crocker 0-0: Ball
1-0: SINGLE (Line Drive, 8RS)
Batting: LHB Chris Etheridge 0-0: Ball
1-0: Ball
2-0: Called Strike
2-1: Swinging Strike
2-2: Strikes out swinging
Batting: RHB Carlos Cardona 0-0: Called Strike
0-1: Ball
1-1: Fly out, F4 (Popup, 34)
Bottom of the 7th over - 0 run(s), 1 hit(s), 0 error(s), 1 left on base; South Beach 4 - Galesburg 0
TOP OF THE 8TH
South Beach Blaze batting - Pitching for Galesburg Guzzlers : LHP Jesús Medina
Batting: RHB Wade Killefer 0-0: Ball
1-0: Called Strike
1-1: Ball
2-1: Ball
3-1: Foul Ball, location: 2F
3-2: Foul Ball, location: 2F
3-2: Foul Ball, location: 2F
3-2: Strikes out swinging
Pitching: LHP Carlos Casas
Batting: LHB Tomás Mejía 0-0: Ball
1-0: Called Strike
1-1: Ball
2-1: SINGLE (Line Drive, 78S)
Batting: SHB José Rico 0-0: Swinging Strike
0-1: Grounds into double play, 6-4-3 (Groundball, 6M)
Top of the 8th over - 0 run(s), 1 hit(s), 0 error(s), 0 left on base; South Beach 4 - Galesburg 0
BOTTOM OF THE 8TH
Galesburg Guzzlers batting - Pitching for South Beach Blaze : LHP Bernie Sanders
Batting: RHB Gabrio Campoverde 0-0: Ball
1-0: Ground out 1-3 (Groundball, 13S)
Batting: RHB Pierre Bernard 0-0: Bunted foul
0-1: Foul Ball, location: 2F
0-2: Foul Ball, location: 2F
0-2: Ball
1-2: Ball
2-2: Strikes out looking
Batting: RHB Toussiant L'Ouverture 0-0: Ball
1-0: Ball
2-0: DOUBLE (Flyball, 9LS)
Batting: RHB Roland Deschain 0-0: Foul Ball, location: 2F
0-1: Ball
1-1: Reached on Error, E3 (Popup, 23)
Toussiant L'Ouverture to third
Batting: RHB Fernando Rivera 0-0: Foul Ball, location: 2F
0-1: Fly out, F8 (Flyball, 78D)
Bottom of the 8th over - 0 run(s), 1 hit(s), 1 error(s), 2 left on base; South Beach 4 - Galesburg 0
TOP OF THE 9TH
South Beach Blaze batting - Pitching for Galesburg Guzzlers : LHP Carlos Casas
Pitching: RHP Jim Unknown
Batting: LHB Joe Sutton 0-0: Fly out, F4 (Line Drive, 4M)
Pitching: LHP Walt Cooley
Batting: RHB Nick Ross 0-0: Swinging Strike
0-1: Fly out, F9 (Flyball, 9M)
Batting: RHB Sergio Anruvio 0-0: Ball
1-0: Ball
2-0: Called Strike
2-1: Ball
3-1: Called Strike
3-2: Strikes out looking
Top of the 9th over - 0 run(s), 0 hit(s), 0 error(s), 0 left on base; South Beach 4 - Galesburg 0
BOTTOM OF THE 9TH
Galesburg Guzzlers batting - Pitching for South Beach Blaze : LHP Bernie Sanders
Batting: LHB Guillermo Castro 0-0: Called Strike
0-1: Called Strike
0-2: Foul Ball, location: 2F
0-2: Ball
1-2: Foul Ball, location: 2F
1-2: Ball
2-2: Ball
3-2: Ground out 4-3 (Groundball, 4)
Batting: RHB Frank Crocker 0-0: Ball
1-0: Fly out, F7 (Flyball, 7M)
Batting: LHB Chris Etheridge 0-0: Called Strike
0-1: Fly out, F6 (Popup, 6M)
Bottom of the 9th over - 0 run(s), 0 hit(s), 0 error(s), 0 left on base; South Beach 4 - Galesburg 0
This league is powered by Out of the Park Baseball, the baseball management simulation game for PC, Mac and Linux
Friday, July 8th, 2016 - OOTP Baseball 16.9 Build 39